 Dungeon Crawl Stone Soup version 0.21.0-3-g78d12a8bdd (webtiles) character file.

31 NullDivider the Vexing (level 3, -1/18 HPs)
             Began as a Spriggan Arcane Marksman on Jan 17, 2018.
             Slain by an adder (4 damage)
             ... on level 2 of the Dungeon.
             The game lasted 00:06:12 (1343 turns).

NullDivider the Vexing (Spriggan Arcane Marksman)   Turns: 1343, Time: 00:06:13

Health: -1/18      AC:  2    Str:  6    XL:     3   Next: 7%
Magic:  7/7        EV: 18    Int: 14    God:
Gold:   67         SH:  0    Dex: 17    Spells: 5/6 levels left

rFire    . . .     SeeInvis +   a - +0 hunting sling
rCold    . . .     Gourm    .   (shield restricted)
rNeg     . . .     Faith    .   e - +0 robe
rPois    .         Spirit   .   (helmet restricted)
rElec    .         Reflect  .   (no cloak)
rCorr    .         Harm     .   (gloves unavailable)
MR       .....                  (boots unavailable)
Stlth    ++........             (no amulet)
HPRegen  0.06/turn              (no ring)
MPRegen  0.10/turn              (no ring)

@: lethally poisoned (-1 -> -8), very quick
A: very small, unfitting armour, see invisible, herbivore, speed 3, slow
metabolism 2
a: no special abilities


You were on level 2 of the Dungeon.
You were not hungry.

You visited 1 branch of the dungeon, and saw 2 of its levels.

You collected 67 gold pieces.

Inventory:

Hand Weapons
 a - a +0 hunting sling (weapon)
Missiles
 b - 37 stones (quivered)
Armour
 e - a +0 robe (worn)
Scrolls
 h - a scroll of teleportation {unknown}
 j - a scroll of enchant weapon {unknown}
 k - a scroll of identify {unknown}
Potions
 g - a potion of cancellation {unknown}
 i - a potion of flight {unknown}
 l - a potion of heal wounds {unknown}
Books
 c - a book of Debilitation

   Spells                             Type                      Level
   a - Corona                         Hexes                        1
   b - Slow                           Hexes                        2
   c - Inner Flame                    Hexes/Fire                   3
   d - Portal Projectile              Hexes/Translocation          3
   e - Cause Fear                     Hexes                        4
   f - Leda's Liquefaction            Hexes/Earth                  4
Comestibles
 f - 2 rations


   Skills:
 * Level 1.5 Fighting
 + Level 2.6 Slings
 + Level 3.3 Dodging
 + Level 1.4 Stealth
 + Level 2.0 Spellcasting
 + Level 3.8 Hexes


You had 5 spell levels left.
You knew the following spells:

 Your Spells              Type           Power        Failure   Level  Hunger
a - Corona                Hex            ##.....      4%          1    ##.....


Dungeon Overview and Level Annotations

Branches:
Dungeon (2/15)

Altars:
Zin


Innate Abilities, Weirdness & Mutations

You are very small and have problems with some larger weapons.
You are too small for most types of armour.
You have supernaturally acute eyesight. (SInv)
You are a herbivore.
You cover ground extremely quickly.
You need consume almost no food.


Message History

You shoot a stone. The stone barely misses the adder.
The adder bites you but does no damage. The adder misses you.
Firing (i - inventory):
b - 39 stones (quivered)
Press: ? - help, Shift-Dir - straight line, f/p - adder
Aim: an adder (severely wounded)
You shoot a stone. The stone hits the adder.
The adder is almost dead.
The adder bites you.
* * * LOW HITPOINT WARNING * * *
You are lethally poisoned!
The adder poisons you!
Firing (i - inventory):
b - 38 stones (quivered)
Press: ? - help, Shift-Dir - straight line, f/p - adder
Aim: an adder (almost dead)
You shoot a stone.
The stone hits the adder but does no damage.
The adder is almost dead.
* * * LOW HITPOINT WARNING * * *
You feel sick. The adder bites you.
You die...

###### .....
#..## ##((.##
####.!#S@#
....###.#
####..#..###...
#...........
#..#####.###
#########..#
#..........#
#.#######.##
#.# #.#


You could see an adder.

Vanquished Creatures
  5 bats (D:1)
  3 giant cockroaches (D:1)
  7 goblins (D:1)
  A hobgoblin (D:1)
  2 ball pythons (D:1)
  3 frilled lizards (D:1)
  5 kobolds (D:1)
  3 rats (D:1)
29 creatures vanquished.

Notes
Turn   | Place    | Note
-------+----------+-------------------------------------------
     0 | D:1      | NullDivider the Spriggan Arcane Marksman began the quest for the Orb.
     0 | D:1      | Reached XP level 1. HP: 9/9 MP: 3/3
   152 | D:1      | Reached skill level 1 in Fighting
   211 | D:1      | Reached XP level 2. HP: 11/14 MP: 5/5
   332 | D:1      | Reached skill level 1 in Stealth
   844 | D:1      | Reached XP level 3. HP: 18/18 MP: 5/7
  1218 | D:2      | Found a glowing silver altar of Zin.
  1343 | D:2      | Slain by an adder

Skill      XL: |  1  2 |
---------------+-------+-----
Fighting       | 1 |  1.5
Stealth        | 1 |  1.4
Spellcasting   | 2 |  2.0
Slings         | |  2.6
Dodging        | |  3.3
Hexes          | |  3.8

Action                   || total
-------------------------++-------
Melee: Hunting sling     ||     1
 Fire: Hunting sling     ||    92
Armor: Robe              ||     6
Dodge: Dodged            ||    28
